 Dungeon Crawl Stone Soup version 0.21.1-1-g345015f (webtiles) character file.

2401 LairdRich the Cleaver (level 9, -8/79 HPs)
             Began as a Minotaur Berserker on June 17, 2018.
             Was an Elder of Trog.
             Killed from afar by a crimson imp (42 damage)
             ... with an exploding inner flame
             ... hexed by the player character
             ... on level 7 of the Dungeon.
             The game lasted 00:20:31 (6384 turns).

LairdRich the Cleaver (Minotaur Berserker)          Turns: 6384, Time: 00:20:31

Health: -8/79      AC: 17    Str: 22    XL:     9   Next: 23%
Magic:  8/8        EV:  6    Int:  4    God:    Trog [****..]
Gold:   340        SH: 11    Dex: 13    Spells: 8/8 levels left

rFire    . . .     SeeInvis +   v - +0 war axe
rCold    . . .     Gourm    .   b - +0 shield
rNeg     . . .     Faith    .   u - +0 plate armour
rPois    .         Spirit   .   (helmet restricted)
rElec    .         Reflect  .   j - +0 cloak
rCorr    .         Harm     .   (no gloves)
MR       .....                  x - +2 pair of boots
Stlth    ..........             (no amulet)
HPRegen  0.23/turn              i - ring of see invisible
MPRegen  0.11/turn              (no ring)

@: no status effects
A: retaliatory headbutt, horns 2
a: Berserk, Trog's Hand, Brothers in Arms, Burn Spellbooks, Renounce Religion


You were on level 7 of the Dungeon.
You worshipped Trog.
Trog was greatly pleased with you.
You were not hungry.

You visited 1 branch of the dungeon, and saw 7 of its levels.

You collected 340 gold pieces.

Inventory:

Hand Weapons
 a - a +1 hand axe of flaming
 v - a +0 war axe (weapon)
Armour
 b - a +0 shield (worn)
 j - a +0 cloak (worn)
 u - a +0 plate armour (worn)
 x - a +2 pair of boots (worn)
Jewellery
 d - a +5 ring of slaying {unknown}
 i - a ring of see invisible (left hand)
Wands
 m - a wand of iceblast (9)
 t - a wand of disintegration (15)
 z - a wand of paralysis (11)
 A - a wand of clouds (4)
Scrolls
 f - 6 scrolls of identify
 h - 2 scrolls of teleportation
 r - a scroll of magic mapping
 y - a scroll of acquirement {unknown}
Potions
 e - 2 potions of heal wounds {unknown}
 g - 2 potions of lignification {unknown}
 k - 2 potions of mutation {unknown}
 l - a potion of resistance {unknown}
 o - 4 potions of curing
 p - a potion of cancellation {unknown}
 s - a potion of flight {unknown}
 w - a potion of berserk rage {unknown}
Comestibles
 c - 8 rations
 n - 3 chunks of flesh


   Skills:
 + Level 7.0 Fighting
 * Level 9.2 Axes
 + Level 6.5 Armour
 - Level 2.2 Dodging
 * Level 8.6 Shields


You had 8 spell levels left.
You didn't know any spells.

Dungeon Overview and Level Annotations

Branches:
Dungeon (7/15)             Temple (0/1) D:5

Altars:
Gozag
Ru
Uskayaw

Annotations:
D:3 1 runed door


Innate Abilities, Weirdness & Mutations

You reflexively headbutt those who attack you in melee.
You have a pair of horns on your head.


Message History

The adder hisses angrily.
You block the crimson imp's attack. The bullfrog completely misses you.
You slash the crimson imp! Your headbutt misses the crimson imp.
The crimson imp is heavily wounded.
You slash the bullfrog!
The bullfrog hits you but does no damage.
The crimson imp hits you but does no damage.
You slash the crimson imp!
The crimson imp explodes!
The fiery explosion engulfs the iguana.
The iguana explodes!
The fiery explosion engulfs you! Trog accepts your kill.
The fiery explosion engulfs the bullfrog.
The bullfrog explodes!
The fiery explosion engulfs you! Trog accepts your kill.
The fiery explosion engulfs you!
Ouch! That really hurt!
You die...

##### .....#
......#
.......##
.....§§§##
.....§§@§#
.....§§§§...S..
......§§§§..##.
.......F...##
............#
....<......##
..........##
......$..##


You could see a bullfrog and an adder.

Vanquished Creatures
  The ghost of inc the Thaumaturge, a novice OpVM (D:5)
  The ghost of Akanak the Chopper, an amateur MiBe of Trog (D:3)
  An orc warrior (D:6)
  An ice beast (D:3)
  An ogre (D:6)
  A centaur (D:6)
  Blork the orc (D:4)
  2 bullfrogs
  A wyvern zombie (D:6)
  A jelly (D:5)
  A crimson imp (D:6)
  4 hounds
  A centaur skeleton (D:5)
  9 orc priests
  10 orc wizards
  Ijyb (D:4)
  An iguana (D:7)
  Natasha (thrice) (D:5)
  2 worker ants (D:4)
  Robin (D:3)
  A worker ant zombie (D:5)
  4 gnolls (D:5)
  11 adders
  A shadow imp (D:5)
  An adder zombie (D:6)
  An adder skeleton (D:4)
  2 worms
  3 dart slugs
  6 leopard geckos
  27 orcs
  2 ball pythons
  8 bats
  9 giant cockroaches
  18 goblins
  8 hobgoblins
  4 jackals (D:1)
  3 quokkas
  4 frilled lizards
  A jackal skeleton (D:4)
  10 kobolds
  9 rats
  A plant (D:4)
178 creatures vanquished.

Vanquished Creatures (collateral kills)
  A crimson imp (D:6)
1 creature vanquished.

Grand Total: 179 creatures vanquished

Notes
Turn   | Place    | Note
-------+----------+-------------------------------------------
     0 | D:1      | LairdRich the Minotaur Berserker began the quest for the Orb.
     0 | D:1      | Reached XP level 1. HP: 19/19 MP: 0/0
   151 | D:1      | Reached XP level 2. HP: 19/27 MP: 1/1
   432 | D:1      | Reached skill level 1 in Shields
   436 | D:1      | Reached skill level 4 in Axes
   850 | D:2      | Reached XP level 3. HP: 33/33 MP: 2/2
   966 | D:2      | Reached ** piety under Trog
  1352 | D:3      | Noticed an ice beast
  1359 | D:3      | Noticed Akanak's ghost (amateur MiBe)
  1360 | D:3      | Killed an ice beast
  1360 | D:3      | Reached XP level 4. HP: 35/41 MP: 3/3
  1360 | D:3      | Reached XP level 5. HP: 40/47 MP: 4/4
  1482 | D:3      | Killed Akanak's ghost
  1482 | D:3      | Reached skill level 5 in Axes
  1482 | D:3      | Reached XP level 6. HP: 53/53 MP: 5/5
  1567 | D:3      | Found an opulent altar of Gozag.
  1943 | D:3      | Found a hide-covered altar of Uskayaw.
  2030 | D:3      | Noticed Robin
  2043 | D:3      | Killed Robin
  2152 | D:3      | Found a sacrificial altar of Ru.
  2169 | D:3      | Reached *** piety under Trog
  2297 | D:3      | Found a runed door.
  2627 | D:4      | Noticed Natasha
  2639 | D:5      | Entered Level 5 of the Dungeon
  2642 | D:5      | Killed Natasha
  2648 | D:4      | Reached skill level 5 in Fighting
  2648 | D:4      | Reached skill level 6 in Axes
  2762 | D:4      | Reached XP level 7. HP: 53/61 MP: 6/6
  2774 | D:4      | Reached skill level 5 in Shields
  3282 | D:4      | Noticed Blork the orc
  3289 | D:4      | Killed Blork the orc
  3460 | D:4      | Noticed Ijyb
  3465 | D:4      | Killed Ijyb
  3817 | D:5      | Noticed inc's ghost (novice OpVM)
  3817 | D:5      | Reached skill level 5 in Armour
  3830 | D:5      | Killed inc's ghost
  3830 | D:5      | Reached skill level 7 in Axes
  3830 | D:5      | Reached XP level 8. HP: 70/70 MP: 7/7
  3964 | D:5      | Noticed Natasha
  3970 | D:5      | Killed Natasha
  4057 | D:5      | Reached **** piety under Trog
  4282 | D:5      | Noticed Natasha
  4288 | D:5      | Killed Natasha
  4367 | D:5      | Found a staircase to the Ecumenical Temple.
  4750 | D:5      | Reached skill level 8 in Axes
  5929 | D:6      | Reached XP level 9. HP: 78/78 MP: 8/8
  5968 | D:6      | Reached skill level 9 in Axes
  6216 | D:6      | Received a gift from Trog
  6384 | D:7      | Killed from afar by a crimson imp

Skill      XL: |  1  2  3  4  5  6  7  8  9 |
---------------+----------------------------+-----
Shields        | 1 3 4 6 8 |  8.6
Axes           | 4 5 6 7 8 9 |  9.2
Armour         | 3 4 5 6 |  6.5
Fighting       | 4 5 6 7 |  7.0
Dodging        | |  2.2

Action                   |  1- 3 |  4- 6 |  7- 9 || total
-------------------------+-------+-------+-------++-------
Melee: Hand axe          |   116 |    95 |   244 ||   455
       Headbutt          |    16 |    19 |    54 ||    89
       War axe           |       |       |    51 ||    51
Invok: Berserk           |     1 |     3 |     4 ||     8
       Trog's Hand       |       |       |     4 ||     4
  Use: Scroll            |       |     9 |     4 ||    13
 Stab: Paralysed         |       |     1 |       ||     1
  Eat: Chunk             |     2 |     7 |    11 ||    20
       Ration            |       |       |     2 ||     2
Armor: Chain mail        |    83 |    45 |    66 ||   194
       Plate armour      |       |       |    43 ||    43
Dodge: Dodged            |    32 |    14 |    57 ||   103
Block: Shield            |    51 |    38 |   112 ||   201
